 Dungeon Crawl Stone Soup version 0.30.1-9-gdf580d7c3d (webtiles) character file.

Game seed: 7486724901776298419

371 eliilek the Shield-Bearer (level 6, -5/55 HPs)
             Began as a Minotaur Fighter on Sept 28, 2023.
             Was an Elder of Uskayaw.
             Slain by a yak (9 damage)
             ... on level 5 of the Dungeon.
             The game lasted 00:09:29 (3229 turns).

eliilek the Shield-Bearer (Minotaur Fighter)        Turns: 3229, Time: 00:09:30

Health: -5/55      AC:  9    Str: 20    XL:     6   Next: 42%
Magic:  1/5        EV:  7    Int:  5    God:    Uskayaw [****..]
Gold:   178        SH:  5    Dex: 12    Spells: 5/5 levels left

rFire   . . .        a - +0 flail
rCold   . . .        c - +0 buckler
rNeg    . . .        h - +0 chain mail
rPois   .            (helmet restricted)
rElec   .            (no cloak)
rCorr   .            (no gloves)
SInv    .            (no boots)
Will    .....        (no amulet) Stlth
                     p - +4 ring of slaying
HPRegen 0.29/turn    (no ring)
MPRegen 0.09/turn

%: no passive effects
@: no status effects
A: horns 2, retaliatory headbutt
a: Renounce Religion, Stomp, Line Pass


You were on level 5 of the Dungeon.
You worshipped Uskayaw.
Uskayaw was noncommittal.
You visited 1 branch of the dungeon, and saw 5 of its levels.

You collected 240 gold pieces.
You spent 62 gold pieces at shops.

Inventory:

Hand Weapons
 a - a +0 flail (weapon)
Missiles
 r - 2 atropa-tipped darts (quivered)
 s - 7 poisoned darts
Armour
 c - a +0 buckler (worn)
 h - a +0 chain mail (worn)
Jewellery
 p - a +4 ring of slaying (left hand)
Wands
 m - a wand of flame (22)
Scrolls
 e - 2 scrolls of teleportation {unknown}
 g - a scroll of blinking {unknown}
 i - a scroll of brand weapon {unknown}
 j - a scroll of amnesia {unknown}
 k - a scroll of silence {unknown}
 l - 2 scrolls of immolation {unknown}
 n - 3 scrolls of fear {unknown}
 q - 2 scrolls of noise {unknown}
 t - 2 scrolls of magic mapping {unknown}
 u - a scroll of acquirement {unknown}
Potions
 b - a potion of magic {unknown}
 d - 2 potions of might
 f - 2 potions of mutation {unknown}
 o - 2 potions of lignification {unknown}
 v - a potion of attraction {unknown}
 w - 2 potions of curing {unknown}
 x - a potion of haste {unknown}


   Skills:
 + Level 4.8 Fighting
 * Level 5.1 Maces & Flails
 + Level 4.8 Armour
 * Level 5.8 Shields


You had 5 spell levels left.
You didn't know any spells.
Your spell library contained the following spells:

 Spells                   Type           Power      Damage    Failure   Level
 Kiss of Death            Conj/Necr      0%         2d5       99%         1
 Confusing Touch          Hex            0%         N/A       100%        3
 Dispel Undead            Necr           0%         3d6       100%        4


Dungeon Overview and Level Annotations

Branches:
Dungeon (5/15)
 Temple: D:4-7

Altars:
Uskayaw

Shops:
D:3 (

Annotations:
D:5 2 transporters, laqueoix's ghost, novice DsGl


Innate Abilities, Weirdness & Mutations

You have a pair of horns on your head.
You reflexively headbutt those who attack you in melee.


Message History

You hit the yak.
The yak is heavily wounded.
The yak gores you but does no damage. The yak gores you.
You barely miss the yak.
The yak is heavily wounded.
The yak gores you!
You thump the yak!
The yak is almost dead.
The yak gores you.
Uskayaw will force your foes to helplessly watch your dance.
Uskayaw prepares the audience for your solo!
The helpless yak fails to defend itself.
You thump the yak!
You kill the yak!
The yak is no longer paralysed. x2
Your Maces & Flails skill increases to level 5!
You have reached level 6!
You hit the yak.
The yak is lightly wounded.
The yak gores you but does no damage.
Unknown command.
Aiming: Line Pass
Press: ? - help, Dir - move target The yak appears confused. x2; You block the yak's attack.
The yak gores the yak!
You sock the yak!
The yak is severely wounded.
The yak seems less confused. x2; You block the yak's attack. x2
You sock the yak!
The yak is almost dead.
The yak gores you!
* * * LOW HITPOINT WARNING * * *
The yak gores you.
* * * LOW HITPOINT WARNING * * *
Uskayaw will force your foes to share their pain.
Uskayaw links your audience in an emotional bond!
Okay, then.
You hit the yak.
You kill the yak!
The yak gores you!
You die...

#...# #...# #...#
#...# #...# . #...#
#...# #. #...#
#...# #. +...#
#...# #. #...#
#...#
#..Y###...#########
#.@Y......'........
#..†###...#########
#...# #####
#...########
#...........
#...........
###...Y.....
#.........
#.....Y...


You could see 2 yaks.

Vanquished Creatures
  2 yaks (D:5)
  A phantom (D:4)
  An orc priest (D:5)
  An iguana (D:4)
  Robin (D:4)
  A gnoll (D:1)
  An adder (D:2)
  A worm (D:3)
  3 dart slugs (D:3)
  2 orcs (D:5)
  3 bats
  4 endoplasms
  3 giant cockroaches (D:4)
  9 goblins
  13 hobgoblins
  5 quokkas
  4 ball pythons
  A frilled lizard (D:2)
  2 kobolds
  7 rats
65 creatures vanquished.

Notes
Turn   | Place    | Note
-------+----------+-------------------------------------------
     0 | D:1      | eliilek the Minotaur Fighter began the quest for the Orb.
     0 | D:1      | Reached XP level 1. HP: 19/19 MP: 0/0
   136 | D:1      | Found a faded altar of an unknown god.
   144 | D:1      | Prayed at the altar of an unknown god.
   144 | D:1      | Became a worshipper of Uskayaw the Reveller
   144 | D:1      | Reached * piety under Uskayaw
   190 | D:1      | Reached ** piety under Uskayaw
   196 | D:1      | Reached *** piety under Uskayaw
   262 | D:1      | Reached XP level 2. HP: 25/27 MP: 1/1
   970 | D:2      | Reached XP level 3. HP: 32/33 MP: 2/2
  1423 | D:3      | Found Rurinaph's Weapon Shop.
  1428 | D:3      | Bought 2 atropa-tipped darts for 23 gold pieces
  1428 | D:3      | Bought 5 poisoned darts for 39 gold pieces
  2340 | D:4      | Identified the +2 robe of Infinity {-Tele rElec Slay+3}
  2426 | D:4      | Reached XP level 4. HP: 34/40 MP: 3/3
  2538 | D:4      | Noticed a phantom
  2551 | D:4      | Killed a phantom
  2552 | D:4      | Reached skill level 5 in Shields
  2552 | D:4      | Reached XP level 5. HP: 45/47 MP: 4/4
  2555 | D:4      | Noticed Robin
  2559 | D:4      | Killed Robin
  2880 | D:5      | Entered Level 5 of the Dungeon
  2932 | D:5      | Noticed laqueoix's ghost (novice DsGl)
  2933 | D:5      | Found a transporter.
  2933 | D:5      | Noticed a wraith
  2937 | D:5      | Found a transporter.
  3200 | D:5      | Noticed a yak
  3206 | D:5      | Noticed a yak
  3208 | D:5      | Noticed a yak
  3220 | D:5      | Noticed a yak
  3224 | D:5      | Killed a yak
  3225 | D:5      | Reached skill level 5 in Maces & Flails
  3225 | D:5      | Reached XP level 6. HP: 23/55 MP: 5/5
  3228 | D:5      | Reached **** piety under Uskayaw
  3229 | D:5      | Killed a yak
  3229 | D:5      | Slain by a yak

Illustrated notes

Levels and vault maps discovered:
D:1:      minmay_arrival_shoal_huts, layout_basic,
          ebering_ecumenical_altar_rust, chequers_serial_rivers_micro_a
D:2:      layout_loops_corners, kennysheep_crisscross
D:3:      layout_basic, serial_shops, shop
D:4:      layout_cave_pools, uniq_robin
D:5:      layout_basic, gammafunk_ghost_arena, kennysheep_generic_room_12

Skill      XL: |  1  2  3  4  5 |
---------------+----------------+-----
Maces & Flails | 3 4 5 |  5.1
Shields        | 4 5 |  5.8
Fighting       | 4 |  4.8
Armour         | 4 |  4.8

Action                     |  1- 3 |  4- 6 || total
---------------------------+-------+-------++-------
  Melee: Flail             |    77 |    66 ||   143
         Headbutt          |     7 |     8 ||    15
 Invoke: Line Pass         |       |     1 ||     1
   Stab: Paralysed         |     1 |     1 ||     2
 Armour: Scale mail        |    14 |       ||    14
         Chain mail        |    31 |    29 ||    60
  Dodge: Dodged            |    19 |    18 ||    37
  Block: Buckler           |    17 |    11 ||    28
